 Dungeon Crawl Stone Soup version 0.20-a0-2-g2b0e13a (webtiles) character file.

49209 JeffiDaFish the Fighter (level 14, -5/91 HPs)
             Began as a Gargoyle Fighter on Oct 30, 2016.
             Was the Champion of Makhleb.
             Slain by a komodo dragon (14 damage)
             ... on level 6 of the Lair of Beasts.
             The game lasted 00:55:29 (18213 turns).

JeffiDaFish the Fighter (Gargoyle Fighter)         Turns: 18213, Time: 00:55:31

Health: -5/91      AC: 34    Str: 26    XL:     14   Next: 49%
Magic:  26/26      EV:  9    Int: 10    God:    Makhleb [******]
Gold:   1407       SH:  0    Dex: 11    Spells: 1 memorised, 27 levels left

rFire  . . .     SeeInvis +     x - +8 whip "Snakebite" {curare, rPois}
rCold  + . .     Gourm    .     j - +2 plate armour {rC+}
rNeg   + . .     Faith    .     (no shield)
rPois  ∞         Spirit   .     H - +2 hat {SInv}
rElec  +         Reflect  .     (no cloak)
rCorr  .         Harm     .     (no gloves)
MR     +....                    t - +1 pair of boots
Stlth  ..........               (no amulet)
                                J - +4 ring of protection
                                I - +4 ring of strength

@: no status effects
A: big wings, negative energy resistance 1, electricity resistance, unbreathing,
petrification resistance, rot immunity, AC +9
a: Fly, Minor Destruction, Lesser Servant of Makhleb, Major Destruction, Greater
Servant of Makhleb, Renounce Religion


You were on level 6 of the Lair of Beasts.
You worshipped Makhleb.
Makhleb was exalted by your worship.
You were not hungry.

You visited 3 branches of the dungeon, and saw 18 of its levels.
You also visited: Ossuary.

You collected 1407 gold pieces.

Inventory:

Hand Weapons
 o - the +5 quarterstaff of Gihem {freeze, *Slow MR+ Stlth+}
   (You acquired it on level 9 of the Dungeon)

   It has been specially enchanted to freeze those struck by it, causing extra
   injury to most foes and up to half again as much damage against particularly
   susceptible opponents.
   It can also slow down cold-blooded creatures.
   It affects your resistance to hostile enchantments.
   It may slow you when you take damage.
   It makes you more stealthy.
 x - the +8 whip "Snakebite" (weapon) {curare, rPois}
   (You found it on level 3 of the Lair of Beasts)

   It poisons the flesh of those it strikes.
   It protects you from poison.
Missiles
 N - 37 arrows
Armour
 j - a +2 plate armour of cold resistance (worn)
 t - a +1 pair of boots (worn)
 H - a +2 hat of see invisible (worn)
Jewellery
 p - an uncursed ring of protection from magic
 I - a +4 ring of strength (left hand)
 J - a +4 ring of protection (right hand)
Wands
 q - a wand of random effects (34/48)
 w - a wand of flame (13/48)
 y - a wand of iceblast (5/15)
 C - a wand of heal wounds (3/9)
 O - a wand of disintegration (10/24)
Scrolls
 d - 10 scrolls of remove curse
 g - 9 scrolls of identify
 i - a scroll of amnesia
 k - 4 scrolls of fear
 l - 7 scrolls of teleportation
 m - 2 scrolls of magic mapping
 n - 4 scrolls of fog
 r - 3 scrolls of recharging
 M - a scroll of blinking
 P - a scroll of enchant armour
Potions
 a - 3 potions of brilliance
 c - 4 potions of flight
 e - 4 potions of agility
 s - 4 potions of curing
 u - 8 potions of haste
 B - a potion of heal wounds
 L - a potion of ambrosia
Books
 b - a book of Changes

   Spells                             Type                      Level
   a - Beastly Appendage              Transmutation                1
   b - Sticks to Snakes               Transmutation                2
   c - Spider Form                    Transmutation/Poison         3
   d - Ice Form                       Ice/Transmutation            4
   e - Blade Hands                    Transmutation                5
 D - a book of Maledictions

   Spells                             Type                      Level
   a - Corona                         Hexes                        1
   b - Ensorcelled Hibernation        Hexes/Ice                    2
   c - Confuse                        Hexes                        3
   d - Tukima's Dance                 Hexes                        3
   e - Dazzling Spray                 Conjuration/Hexes            3
 E - a book of Cantrips

   Spells                             Type                      Level
   a - Confusing Touch                Hexes                        1
   b - Animate Skeleton               Necromancy                   1
   c - Summon Small Mammal            Summoning                    1
   d - Apportation                    Translocation                1
 F - a book of Battle

   Spells                             Type                      Level
   a - Infusion                       Charms                       1
   b - Shroud of Golubria             Charms/Translocation         2
   c - Song of Slaying                Charms                       2
   d - Spectral Weapon                Hexes/Charms                 3
   e - Regeneration                   Charms/Necromancy            3
Comestibles
 f - 6 bread rations
 h - 5 meat rations
 v - 23 fruits
 z - 3 beef jerkies
 A - 9 slices of pizza
 G - a royal jelly
 K - 9 chunks of flesh


   Skills:
 * Level 11.9 Fighting
 * Level 10.6(12.6) Maces & Flails
 - Level 11.4(13.0) Staves
 + Level 9.6 Armour
 + Level 3.3 Dodging
 + Level 0.8 Stealth
   Level 8.2 Shields
 * Level 8.0 Spellcasting
 * Level 7.2 Transmutations


You had 27 spell levels left.
You knew the following spells:

 Your Spells              Type           Power        Failure   Level  Hunger
a - Sticks to Snakes      Tmut           ###.....     14%         2    #......


Dungeon Overview and Level Annotations

Branches:
Dungeon (11/15)            Temple (1/1) D:7            Lair (6/6) D:11
  Swamp (0/4) Lair:4        Snake (0/4) Lair:2        Slime (0/5) Lair:5
    Orc: D:9-12

Altars:
Ashenzari
Cheibriados
Gozag
Hepliaklqana
Kikubaaqudgha
Makhleb
Okawaru
Ru
Sif Muna
Trog
Uskayaw
Vehumet
Xom
The Shining One

Shops:
D:6 *   D:9 }

Annotations:
D:10 2 runed doors


Innate Abilities, Weirdness & Mutations

You are resistant to torment.
Your stone body is resilient. (AC +9)
You are immune to poison.
Your large and strong wings let you fly indefinitely.
You resist negative energy. (rN+)
You are resistant to electric shocks. (rElec)
You can survive without breathing.
You are immune to petrification.
You are immune to rotting.


Message History

The crocodile bites something!
The komodo dragon bites you!
* * * LOW HITPOINT WARNING * * *
You whack the fire dragon!
The fire dragon is poisoned.
The fire dragon is moderately wounded.
You are engulfed in a cloud of scalding steam.
The fire dragon bites you but does no damage.
The fire dragon claws you but does no damage.
The fire dragon completely misses you.
You whack the fire dragon!
The fire dragon is heavily wounded.
The komodo dragon bites you but does no damage.
The fire dragon bites the plant.
The fire dragon claws the plant.
The fire dragon tramples the plant but does no damage.
The fire dragon breathes flames at you.
The blast of flame hits the plant.
The plant is destroyed!
The blast of flame hits you!
* * * LOW HITPOINT WARNING * * *
The komodo dragon bites you!
You die...

♣♣♣♣♣
♣♣.≈≈≈♣♣♣
♣♣..≈≈≈..♣
♣.P≈≈≈≈≈.♣♣
♣t≈D.♣♣♣ ###
.≈≈≈k.♣l≈.t.♣♣
###.## ≈≈≈≈P
♣♣≈≈l@.♣♣
####..#.P ≈≈≈.
♣♣≈≈P..♣
#........ .≈≈
♣♣≈≈..♣♣
#........ ≈≈
♣≈♣.♣.♣♣
#........ ≈
♣♣≈≈P...♣
#........
♣♣.≈≈PP.P♣
#........
♣♣.P≈≈≈♣♣.♣♣
#........
♣P≈≈♣♣≈≈♣.P♣
#........
♣♣≈≈.P♣♣≈♣.♣♣
#........


You could see a fire dragon, a komodo dragon, a basilisk and 2 crocodiles.

Vanquished Creatures
  Fannar (D:10)
  An ice dragon (Lair:6)
  3 hydras
  Erica (D:8)
  A catoblepas (Lair:6)
  A fire crab (Lair:6)
  A lindwurm (Lair:6)
  A cyclops (D:11)
  A manticore (D:11)
  An ugly thing (Lair:1)
  9 elephants
  8 black mambas
  Psyche (D:9)
  A centaur skeleton (D:10)
  An eye of devastation (Lair:5)
  2 gargoyles (D:11)
  12 komodo dragons
  8 spiny frogs
  6 torpor snails (Lair:6)
  2 rime drakes
  5 tyrant leeches
  A troll (D:11)
  7 hornets
  15 blink frogs
  11 dream sheep
  7 hippogriffs
  43 yaks
  A human (D:7)
  4 hogs (D:7)
  5 wyverns
  5 basilisks
  2 hungry ghosts (D:11)
  A mottled dragon (D:11)
  2 swamp worms (Lair:4)
  Menkaure (D:4)
  2 steam dragons (Lair:6)
  20 water moccasins
  7 porcupines
  2 orc warriors
  4 ice beasts
  2 swamp drakes (Lair:6)
  A phantom (D:9)
  2 black bears
  An eye of draining (Lair:5)
  5 ogres
  5 centaurs
  11 wolves
  A big kobold (D:9)
  10 crocodiles
  17 bullfrogs
  A water moccasin skeleton (D:9)
  2 scorpions
  7 killer bees
  12 wights
  A jelly (D:7)
  A crimson imp (D:5)
  6 orc priests
  4 hounds
  A human zombie (Ossuary)
  A bullfrog skeleton (D:8)
  6 orc wizards
  4 iguanas
  A worker ant (D:5)
  7 hell rats (Lair:4)
  A big kobold zombie (Ossuary)
  2 hound zombies
  2 hound skeletons
  2 mummies (Ossuary)
  Robin (D:4)
  A howler monkey skeleton (D:8)
  19 adders
  4 gnolls (D:10)
  A shadow imp (D:5)
  2 adder zombies (Ossuary)
  3 worms
  A dart slug (D:1)
  4 leopard geckos
  24 orcs
  A ball python (D:1)
  A giant cockroach (D:3)
  18 goblins
  4 hobgoblins
  7 jackals
  5 quokkas
  3 bats
  5 frilled lizards
  2 goblin zombies
  13 hobgoblin zombies (Ossuary)
  A jackal zombie (Ossuary)
  18 kobolds
  9 kobold zombies (Ossuary)
  5 orc zombies (Ossuary)
  2 quokka skeletons
  2 quokka zombies
  38 rats
  4 rat zombies (Ossuary)
521 creatures vanquished.

Vanquished Creatures (others)
  A sky beast (D:11)
  A bush (Lair:6)
  14 fungi
  17 plants
33 creatures vanquished.

Grand Total: 554 creatures vanquished

Notes
Turn   | Place    | Note
-------+----------+-------------------------------------------
     0 | D:1      | JeffiDaFish the Gargoyle Fighter began the quest for the Orb.
     0 | D:1      | Reached XP level 1. HP: 14/14 MP: 1/1
   140 | D:1      | Reached XP level 2. HP: 19/19 MP: 2/2
  1129 | D:2      | Reached XP level 3. HP: 24/24 MP: 3/3
  1664 | D:2      | Reached XP level 4. HP: 29/29 MP: 4/4
  2186 | D:3      | Noticed a bullfrog
  2209 | D:3      | Killed a bullfrog
  2209 | D:3      | Reached XP level 5. HP: 12/33 MP: 5/5
  2605 | D:3      | Reached skill level 1 in Dodging
  2647 | D:3      | HP: 1/33 [orc priest/nerve-wracking pain (6)]
  3043 | D:3      | Reached XP level 6. HP: 38/38 MP: 6/6
  3310 | D:4      | Noticed Robin
  3314 | D:4      | Noticed Menkaure
  3317 | D:4      | Killed Robin
  3322 | D:4      | Killed Menkaure
  3579 | D:4      | Reached skill level 5 in Shields
  3579 | D:4      | Reached XP level 7. HP: 28/44 MP: 7/7
  4340 | D:4      | Learned a level 2 spell: Sticks to Snakes
  4462 | D:5      | Entered Level 5 of the Dungeon
  4726 | D:5      | Found a sacrificial altar of Ru.
  5079 | D:6      | Reached skill level 1 in Spellcasting
  5089 | D:6      | Reached skill level 5 in Maces & Flails
  5112 | D:6      | Reached XP level 8. HP: 40/48 MP: 9/9
  5220 | D:6      | Reached skill level 5 in Fighting
  5226 | D:6      | Reached skill level 5 in Armour
  5226 | D:6      | Reached skill level 1 in Transmutations
  5986 | D:6      | Found Yna Saur's General Store.
  6122 | D:7      | Found a sand-covered staircase.
  6130 | Ossuary  | Entered an ossuary
  6337 | Ossuary  | Identified a scroll of acquirement
  6458 | D:7      | Noticed a hippogriff
  6477 | D:7      | Killed a hippogriff
  6841 | D:7      | Reached XP level 9. HP: 55/55 MP: 12/12
  6953 | D:7      | Found a staircase to the Ecumenical Temple.
  6962 | Temple   | Entered the Ecumenical Temple
  6978 | Temple   | Became a worshipper of Makhleb the Destroyer
  7670 | D:8      | Noticed a hornet
  7678 | D:8      | Killed a hornet
  7843 | D:8      | Got an ichor-stained quarterstaff
  7849 | D:8      | Identified the +2 quarterstaff of Grandeur {speed, rC++ Str+2 Int+5} (You found it on level 8 of the Dungeon)
  7909 | D:8      | Reached skill level 1 in Staves
  7909 | D:8      | Reached XP level 10. HP: 56/61 MP: 15/15
  7940 | D:8      | Noticed Erica
  7961 | D:8      | Killed Erica
  8319 | D:8      | Reached * piety under Makhleb
  9062 | D:10     | Entered Level 10 of the Dungeon
  9069 | D:10     | Reached skill level 5 in Staves
  9095 | D:10     | Noticed Fannar
  9144 | D:10     | Killed Fannar
  9322 | D:10     | Noticed an ice dragon
  9323 | D:10     | Noticed an ice dragon
  9324 | D:10     | Noticed a fire dragon
  9325 | D:10     | Noticed a fire dragon
  9327 | D:10     | Found a runed door.
  9347 | D:10     | Reached XP level 11. HP: 56/67 MP: 18/18
  9352 | D:10     | Found a runed door.
  9547 | D:9      | Found Heziulox's Gadget Boutique.
  9548 | D:9      | Noticed Psyche
  9562 | D:9      | Killed Psyche
  9562 | D:9      | Reached skill level 5 in Spellcasting
  9612 | D:9      | Got a translucent quarterstaff
  9613 | D:9      | Identified the +5 quarterstaff of Gihem {freeze, *Slow MR+ Stlth+} (You acquired it on level 9 of the Dungeon)
  9621 | D:9      | Reached ** piety under Makhleb
 10759 | D:11     | Noticed a cyclops
 10790 | D:11     | Killed a cyclops
 10997 | D:11     | Noticed a manticore
 11009 | D:11     | Killed a manticore
 11301 | D:11     | Reached skill level 5 in Transmutations
 11309 | D:11     | Reached *** piety under Makhleb
 11483 | D:11     | Found a staircase to the Lair.
 11528 | Lair:1   | Entered Level 1 of the Lair of Beasts
 11528 | Lair:1   | Noticed a five-headed hydra
 11536 | Lair:1   | Killed a five-headed hydra
 11536 | Lair:1   | Reached XP level 12. HP: 50/75 MP: 20/20
 12310 | Lair:1   | Reached skill level 10 in Staves
 12500 | Lair:2   | Found a staircase to the Snake Pit.
 12914 | Lair:2   | Noticed a six-headed hydra
 12920 | Lair:2   | Killed a six-headed hydra
 13429 | Lair:2   | Reached **** piety under Makhleb
 13542 | Lair:3   | Reached skill level 10 in Fighting
 13963 | Lair:3   | Reached XP level 13. HP: 82/82 MP: 22/22
 14136 | Lair:3   | Found a dark tunnel.
 15239 | Lair:4   | Reached ***** piety under Makhleb
 15355 | Lair:4   | Found a staircase to the Swamp.
 16120 | Lair:5   | Found a staircase to the Slime Pits.
 16626 | Lair:6   | Entered Level 6 of the Lair of Beasts
 16916 | Lair:6   | Gained mutation: Your large and strong wings let you fly indefinitely. [Gargoyle growth]
 16916 | Lair:6   | Reached XP level 14. HP: 90/90 MP: 25/25
 17394 | Lair:6   | Reached skill level 10 in Maces & Flails
 17557 | Lair:6   | Found a runed door.
 17761 | Lair:6   | Reached ****** piety under Makhleb
 18213 | Lair:6   | Slain by a komodo dragon

Vault maps used:
D:1:      dpeg_arrival_round_c, minmay_misc_feat_tower, grunt_decor_fettered,
          dk_noncrumbling_3
D:2:      first_bread, minmay_rats_cheesy_pizza
D:3:      minmay_strange_pillars
D:4:      kennysheep_doodads, uniq_robin, uniq_menkaure
D:5:      nicolae_ru_sacrificial_ziggurat
D:6:      serial_shops, kennysheep_mini_moat, nicolae_zen_rock_garden
D:7:      enter_ossuary_3, grunt_livestock, kennysheep_generic_room_7
D:8:      uniq_erica
D:9:      serial_shops, shop_statue, dk_vineyard_1, kennysheep_generic_room_13,
          uniq_grum, uniq_psyche
D:10:     grunt_ministairs_1, minmay_guarded_unrand_resistance, uniq_fannar
D:11:     lair_0_dummy
Temple:   grunt_wide_crystal_templ
Lair:2:   minmay_snake_entry_six_corridors
Lair:3:   minmay_guarded_unrand_snakebite, nicolae_volcano_entry_two_sided
Lair:4:   minmay_swamp_entry_worms
Lair:5:   minmay_slime_entry_eyes
Lair:6:   guppyfry_lair_end_dragon, wormcave, serial_bayou_pond_c
Ossuary:  ossuary_tomb_1

Skill      XL: |  1  2  3  4  5  6  7  8  9 10 11 12 13 14 |
---------------+-------------------------------------------+-----
Maces & Flails | 3 4 5 6 9 10 | 10.6
Armour         | 4 5 6 7 8 9 |  9.6
Shields        | 4 5 6 8 |  8.2
Fighting       | 4 5 6 7 8 10 11 | 11.9
Dodging        | 1 2 3 |  3.3
Spellcasting   | 1 2 3 4 5 6 7 8 |  8.0
Transmutations | 2 3 4 5 6 7 |  7.2
Staves         | 1 6 9 11 | 11.4
Stealth        | |  0.8

Action                   |  1- 3 |  4- 6 |  7- 9 | 10-12 | 13-15 || total
-------------------------+-------+-------+-------+-------+-------++-------
Melee: Flail             |   209 |   187 |       |       |       ||   396
       Mace              |       |     7 |   425 |       |       ||   432
       Quarterstaff      |       |       |    10 |   897 |    16 ||   923
       Whip              |       |       |       |       |   811 ||   811
 Cast: Sticks to Snakes  |       |       |       |     5 |       ||     5
 Abil: Fly               |       |       |       |       |     1 ||     1
       Stop Flying       |       |       |       |       |     1 ||     1
  Use: Scroll            |     6 |     5 |     6 |     6 |     2 ||    25
       Potion            |     5 |     4 |     6 |     1 |     1 ||    17
 Stab: Confused          |       |       |       |       |     1 ||     1
  Eat: Chunk             |     3 |     7 |     2 |    13 |    14 ||    39
       Meat ration       |       |       |     2 |       |       ||     2
       Bread ration      |       |       |     1 |     3 |       ||     4
       Pizza             |       |       |     1 |       |       ||     1
Armor: Scale mail        |    91 |    80 |     2 |       |       ||   173
       Chain mail        |       |       |   190 |   190 |       ||   380
       Plate armour      |       |       |       |   436 |   534 ||   970
Dodge: Dodged            |    51 |    63 |    59 |   380 |   271 ||   824
Block: Shield            |   121 |    36 |       |       |       ||   157
       Large shield      |       |    79 |   362 |       |       ||   441
